 Dungeon Crawl Stone Soup version 0.20-a0-622-g01f5896 (webtiles) character file.

382 Heleg the Slasher (level 6, -2/53 HPs)
             Began as a Minotaur Fighter on Feb 9, 2017.
             Killed from afar by an orc wizard (3 damage)
             ... with a magic dart
             ... on level 3 of the Dungeon.
             The game lasted 00:20:24 (2435 turns).

Heleg the Slasher (Minotaur Fighter)                Turns: 2435, Time: 00:20:25

Health: -2/53      AC: 12    Str: 22    XL:     6   Next: 47%
Magic:  4/4        EV:  6    Int:  5    God:
Gold:   76         SH: 10    Dex: 12    Spells: 5/5 levels left

rFire    . . .     SeeInvis .   a - +0 long sword
rCold    . . .     Gourm    .   e - +1 chain mail
rNeg     . . .     Faith    .   c - +0 shield
rPois    .         Spirit   .   (helmet restricted)
rElec    +         Reflect  .   (no cloak)
rCorr    .         Harm     .   b - +0 pair of gloves
MR       .....                  (no boots)
Stlth    ..........             (no amulet)
Regen    0.2/turn               (no ring)
                                (no ring)

@: lethally poisoned (-2 -> -3)
A: retaliatory headbutt, horns 2, talons 1, thin skeletal structure 1, low mp 1,
electricity resistance
a: no special abilities


You were on level 3 of the Dungeon.
You were full.

You visited 1 branch of the dungeon, and saw 4 of its levels.

You collected 76 gold pieces.

Inventory:

Hand Weapons
 a - a +0 long sword (weapon)
Armour
 b - a +0 pair of gloves (worn)
 c - a +0 shield (worn)
 e - a +1 chain mail (worn)
Scrolls
 g - 3 scrolls of identify
 i - 2 scrolls of recharging
 j - a scroll of remove curse
 k - a scroll of teleportation
Potions
 d - a potion of might
 h - a potion of agility
Comestibles
 l - a bread ration


   Skills:
 + Level 4.4 Fighting
 + Level 5.7 Long Blades
 + Level 5.1 Armour
 + Level 0.7 Dodging
 + Level 0.5 Stealth
 + Level 5.1 Shields


You had 5 spell levels left.
You didn't know any spells.

Dungeon Overview and Level Annotations

Branches:
Dungeon (4/15)
 Temple: D:4-7

Altars:
Makhleb
Qazlal
Vehumet


Innate Abilities, Weirdness & Mutations

You reflexively headbutt those who attack you in melee.
You have a pair of horns on your head.
You have sharp toenails.
You have a somewhat thin skeletal structure. (Dex +2, Stealth)
Your magical capacity is low. (-10% MP)
You are resistant to electric shocks. (rElec)


Message History

* * * LOW HITPOINT WARNING * * *
The orc wizard casts a spell.
The orc wizard blinks!
You block the orc's attack.
The orc wizard points at you and mumbles some strange words.
The magic dart hits you!
You closely miss the orc.
You feel sick. You block the orc's attack.
You closely miss the orc wizard.
You claw the orc wizard, but do no damage.
Your headbutt misses the orc wizard.
The orc wizard hits you but does no damage.
The orc hits you with a hand axe.
* * * LOW HITPOINT WARNING * * *
The orc wizard gestures at you while chanting.
The magic dart hits you!
* * * LOW HITPOINT WARNING * * *
You closely miss the orc wizard. Your headbutt misses the orc wizard.
The orc wizard barely misses you. You block the orc's attack.
The orc wizard casts a spell at you. The magic dart hits you!
You die...

###### #....# #....# #....####
####.......# #### #........#.#
...## #......o.#.# ### .#..#
#..#..o@...# #.#
.##.######..#....#..###.#####
............####.#..........#####
###P#.###......#.#..###.........#
#_._P_#P.)#................######
..P.............>..........#
.P.⌠...#####.#.########.#..#
#..)..######.#.#.....####..#
###)### ....[.# .#.......#


You could see an orc wizard and an orc.

Vanquished Creatures
  2 ogres (D:4)
  An orc wizard (D:3)
  A worker ant (D:4)
  6 adders
  5 oozes
  An adder skeleton (D:4)
  2 worms (D:2)
  3 dart slugs
  7 orcs
  7 bats
  10 goblins
  4 hobgoblins
  11 kobolds
  2 quokkas
  2 ball pythons (D:2)
  5 frilled lizards
  8 rats
  A bush (D:3)
78 creatures vanquished.

Notes
Turn   | Place    | Note
-------+----------+-------------------------------------------
     0 | D:1      | Heleg the Minotaur Fighter began the quest for the Orb.
     0 | D:1      | Reached XP level 1. HP: 19/19 MP: 0/0
   216 | D:1      | Reached XP level 2. HP: 27/27 MP: 1/1
   602 | D:2      | Reached XP level 3. HP: 22/33 MP: 2/2
   603 | D:2      | Gained mutation: You are resistant to electric shocks. (rElec) [potion of mutation]
   603 | D:2      | Gained mutation: You have sharp toenails. [potion of mutation]
   603 | D:2      | Gained mutation: Your magical capacity is low. (-10% MP) [potion of mutation]
   603 | D:2      | Gained mutation: You have a somewhat thin skeletal structure. (Dex +2, Stealth) [potion of mutation]
   939 | D:2      | Found a stormy altar of Qazlal.
  1103 | D:3      | Found a stormy altar of Qazlal.
  1103 | D:3      | Found a radiant altar of Vehumet.
  1103 | D:3      | Found a burning altar of Makhleb.
  1180 | D:3      | Reached XP level 4. HP: 39/40 MP: 2/2
  1423 | D:3      | Reached XP level 5. HP: 45/46 MP: 3/3
  1533 | D:4      | Noticed an ogre
  1850 | D:4      | Killed an ogre
  1850 | D:4      | Reached skill level 5 in Long Blades
  2324 | D:4      | Reached skill level 5 in Armour
  2324 | D:4      | Reached XP level 6. HP: 52/52 MP: 4/4
  2402 | D:4      | Reached skill level 5 in Shields
  2434 | D:3      | HP: 1/53 [orc wizard/magic dart (8)]
  2435 | D:3      | Killed from afar by an orc wizard

Vault maps used:
D:1:      minmay_arrival_hallway, minmay_cut_off
D:2:      wad_pebble_path, grunt_qazlal_clouds
D:3:      gammafunk_temple_overflow_forgotten
D:4:      gammafunk_temple_overflow_statue, first_bread

Skill      XL: |  1  2  3  4  5  6 |
---------------+-------------------+-----
Armour         | 4 5 |  5.1
Shields        | 4 5 |  5.1
Long Blades    | 3 5 |  5.7
Fighting       | 4 |  4.4
Dodging        | |  0.7
Stealth        | |  0.5

Action                   |  1- 3 |  4- 6 || total
-------------------------+-------+-------++-------
Melee: Long sword        |   137 |    88 ||   225
       Headbutt          |    28 |    13 ||    41
       Kick              |    43 |    33 ||    76
  Use: Scroll            |     6 |     2 ||     8
       Potion            |     6 |       ||     6
  Eat: Bread ration      |     1 |     1 ||     2
       Fruit             |       |     1 ||     1
Armor: Chain mail        |    48 |    41 ||    89
       Scale mail        |     3 |       ||     3
Dodge: Dodged            |    27 |    21 ||    48
Block: Shield            |    47 |    51 ||    98
       Rpst.: Long sword |     6 |     4 ||    10
